 Dungeon Crawl Stone Soup version 0.25-a0-577-ga4619f409e (webtiles) character file.

Game seed: 1132827920893652388, levelgen mode: deterministic

185 Flugslaktarn the Chopper (level 5, -7/47 HPs)
             Began as a Minotaur Fighter on Mar 2, 2020.
             Mangled by Menkaure (17 damage)
             ... on level 4 of the Dungeon.
             The game lasted 00:00:29 (805 turns).

Flugslaktarn the Chopper (Minotaur Fighter)          Turns: 805, Time: 00:00:30

Health: -7/47      AC:  9    Str: 22    XL:     5   Next: 37%
Magic:  4/4        EV:  5    Int:  5    God:
Gold:   58         SH:  9    Dex:  9    Spells: 4/4 levels left

rFire    . . .     SeeInvis .   l - +2 hand axe (vorpal)
rCold    . . .     Gourm    .   c - +0 kite shield
rNeg     . . .     Faith    .   f - +0 chain mail
rPois    .         Spirit   .   (helmet restricted)
rElec    .         Reflect  .   (no cloak)
rCorr    .         Harm     .   (no gloves)
MR       .....                  (no boots)
Stlth    ..........             (no amulet)
HPRegen  0.15/turn              (no ring)
MPRegen  0.09/turn              (no ring)

@: no status effects
A: retaliatory headbutt, horns 2
a: no special abilities


You were on level 4 of the Dungeon.
You were not hungry.

You visited 1 branch of the dungeon, and saw 4 of its levels.

You collected 58 gold pieces.

Inventory:

Hand Weapons
 a - a +0 war axe
 l - a +2 vorpal hand axe (weapon)
   (You took it off an orc on level 3 of the Dungeon)
Armour
 b - a +0 scale mail
 c - a +0 kite shield (worn)
 f - a +0 chain mail (worn)
   (You found it on level 1 of the Dungeon)
Scrolls
 g - a scroll of noise {unknown}
 h - a scroll of identify {unknown}
 i - a scroll of remove curse {unknown}
 k - a scroll of fear {unknown}
 m - a scroll of immolation {unknown}
Potions
 d - a potion of might
 j - 2 potions of curing {unknown}
Comestibles
 e - 5 rations


   Skills:
 + Level 4.6 Fighting
 * Level 4.7 Axes
 + Level 4.6 Armour
 + Level 4.6 Shields


You had 4 spell levels left.
You didn't know any spells.
Your spell library was empty.

Dungeon Overview and Level Annotations

Branches:
Dungeon (4/15)
 Temple: D:4-7

Altars:

Annotations:
D:4 Menkaure


Innate Abilities, Weirdness & Mutations

You reflexively headbutt those who attack you in melee.
You have a pair of horns on your head.


Message History

You headbutt Menkaure!
Menkaure is moderately damaged.
Your chain mail prevents you from hitting Menkaure.
You headbutt Menkaure.
Menkaure is heavily damaged.
Menkaure points at you and mumbles some strange words.
Pain shoots through your body!
* * * LOW HITPOINT WARNING * * *
You are too injured to fight recklessly!
You are too injured to fight recklessly!
You are too injured to fight recklessly!
You are too injured to fight recklessly!
You are too injured to fight recklessly!
You are too injured to fight recklessly!
You are too injured to fight recklessly!
You are too injured to fight recklessly!
You hit Menkaure but do no damage. You headbutt Menkaure.
Menkaure is severely damaged.
Menkaure hits you!
You die...

#...#.##
#.##.###.#
#......#
#........#
#....###
####.#####
.....## #.#
####..# #.#
...# #.#
###+# ##.##
##...##
#..@..#
#...M...#
#.........#
+.........##
####.....##
##...##
..... .#.##


You could see Menkaure.

Vanquished Creatures
  A scorpion (D:4)
  A crimson imp (D:4)
  A bullfrog skeleton (D:4)
  A centaur skeleton (D:4)
  A worker ant (D:4)
  A worm (D:3)
  A leopard gecko (D:4)
  4 orcs (D:3)
  A giant cockroach (D:1)
  A goblin (D:3)
  A hobgoblin (D:2)
  A bat (D:1)
  A frilled lizard (D:2)
  3 rats (D:1)
19 creatures vanquished.

Notes
Turn   | Place    | Note
-------+----------+-------------------------------------------
     0 | D:1      | Flugslaktarn the Minotaur Fighter began the quest for the
                  | Orb.
     0 | D:1      | Reached XP level 1. HP: 19/19 MP: 0/0
   198 | D:3      | Reached XP level 2. HP: 26/27 MP: 1/1
   372 | D:4      | Noticed a scorpion
   379 | D:4      | Killed a scorpion
   379 | D:4      | Reached XP level 3. HP: 24/33 MP: 2/2
   379 | D:4      | Reached XP level 4. HP: 29/40 MP: 3/3
   667 | D:4      | Reached XP level 5. HP: 47/47 MP: 4/4
   798 | D:4      | Noticed Menkaure
   805 | D:4      | Mangled by Menkaure

Levels and vault maps discovered:
D:1:      dpeg_arrival_snail, layout_basic, minivault_27
D:2:      layout_loops_ring, led_sif_pool, old_standard_altar,
          kiku_gazebo_garden_becter, lemuel_doored_altar
D:3:      layout_basic, chequers_ecumenical_altar_twisty, uniq_jessica,
          uniq_natasha
D:4:      layout_loops_corners, first_ration, minmay_liquid_box, uniq_menkaure

Skill      XL: |  1  2  3  4 |
---------------+-------------+-----
Axes           | 3 4 |  4.7
Fighting       | 4 |  4.6
Armour         | 4 |  4.6
Shields        | 4 |  4.6

Action                   |  1- 3 |  4- 6 || total
-------------------------+-------+-------++-------
Melee: War axe           |    33 |       ||    33
       Headbutt          |     5 |     4 ||     9
       Hand axe          |     9 |    22 ||    31
Armor: Chain mail        |    23 |     7 ||    30
Dodge: Dodged            |     7 |     3 ||    10
Block: Kite shield       |    15 |    12 ||    27

Table legend:
 A = Non-vault XP
 B = Vault XP
 C = Vault XP percentage of total XP
 D = Non-vault monster count
 E = Vault monster count
 F = Vault count percentage of total count
                 A         B        C        D         E       F
            +---------+---------+-------+---------+---------+-------
      Total |     265 |       0 |   0.0 |      19 |       0 |   0.0
            +---------+---------+-------+---------+---------+-------
        D:1 |       6 |       0 |   0.0 |       5 |       0 |   0.0
        D:2 |       3 |       0 |   0.0 |       2 |       0 |   0.0
        D:3 |      19 |       0 |   0.0 |       6 |       0 |   0.0
        D:4 |     237 |       0 |   0.0 |       6 |       0 |   0.0
            +---------+---------+-------+---------+---------+-------
